TOP OF THE 1ST |
Ottawa Nationals batting - Pitching for Toledo Saboteurs : LHP David Graham
|
Pitching: LHP David Graham
|
|
Batting: RHB Nobuhiko Ohayashi
|
0-0: Called Strike 0-1: Called Strike 0-2: Ball 1-2: Ball 2-2: Ground out 2-3 (Groundball, 15S, EV 68.8 MPH)
|
Batting: RHB Hulama Yani
|
0-0: Ball 1-0: Ball 2-0: Ball 3-0: Called Strike 3-1: Base on Balls
|
Batting: RHB Dave Curtis
|
0-0: Ball 1-0: Called Strike 1-1: Called Strike 1-2: Ball 2-2: Foul Ball, location: 2F 2-2: Strikes out swinging
|
Batting: RHB Imbart Baars
|
0-0: Ball 1-0: Foul Ball, location: 2F 1-1: Foul Ball, location: 2F 1-2: SINGLE (Groundball, 6MD, EV 98.1 MPH) Hulama Yani to second Runner from 2nd tries for 3rd, SAFE, throw by CF made to third
|
Batting: RHB Boyd Tholen
|
0-0: Ball 1-0: Ball 2-0: Foul Ball, location: 2F 2-1: DOUBLE (Groundball, 5L, EV 97.5 MPH) Hulama Yani scores Imbart Baars to third
|
Batting: LHB Knox Loposer
|
0-0: Ball 1-0: Foul Ball, location: 2F 1-1: Foul Ball, location: 2F 1-2: Ball 2-2: Foul Ball, location: 2F 2-2: Ground out U3 (Groundball, 3, EV 99.4 MPH)
|
Top of the 1st over - 1 run, 2 hits, 0 errors, 2 left on base; Ottawa 1 - Toledo 0 |
BOTTOM OF THE 1ST |
Toledo Saboteurs batting - Pitching for Ottawa Nationals : RHP Mark Wells
|
Pitching: RHP Mark Wells
|
|
Batting: LHB Gwang-soo Deungjeong
|
0-0: Ball 1-0: Called Strike 1-1: Swinging Strike 1-2: Strikes out swinging
|
Batting: LHB Doug Pollock
|
0-0: Ball 1-0: Swinging Strike 1-1: Called Strike 1-2: Fly out, F8 (Flyball, 8LXD, EV 97.5 MPH)
|
Batting: RHB Niek Bendt
|
0-0: Called Strike 0-1: Foul Ball, location: 2F 0-2: Ball 1-2: Foul Ball, location: 2F 1-2: Ball 2-2: Ball 3-2: Base on Balls
|
Batting: LHB Xavier Petit
|
0-0: Foul Ball, location: 2F 0-1: Ball 1-1: Foul Ball, location: 2F 1-2: Strikes out swinging
|
Bottom of the 1st over - 0 runs, 0 hits, 0 errors, 1 left on base; Ottawa 1 - Toledo 0 |
TOP OF THE 2ND |
Ottawa Nationals batting - Pitching for Toledo Saboteurs : LHP David Graham
|
Batting: RHB Spencer Wiggins
|
0-0: Ball 1-0: Called Strike 1-1: Ground out 4-3 (Groundball, 4M, EV 82.5 MPH)
|
Batting: LHB Ewold de Regt
|
0-0: Ball 1-0: Called Strike 1-1: Ball 2-1: Ball 3-1: TRIPLE (Flyball, 9D, EV 94.4 MPH)
|
Batting: RHB José Cintrón
|
0-0: Ball 1-0: Ball 2-0: Called Strike 2-1: Foul Ball, location: 2F 2-2: Strikes out swinging
|
Batting: RHB Nobuhiko Ohayashi
|
0-0: Foul Ball, location: 2F 0-1: Ball 1-1: Ground out 4-3 (Groundball, 34, EV 81.2 MPH)
|
Top of the 2nd over - 0 runs, 1 hit, 0 errors, 1 left on base; Ottawa 1 - Toledo 0 |
BOTTOM OF THE 2ND |
Toledo Saboteurs batting - Pitching for Ottawa Nationals : RHP Mark Wells
|
Batting: SHB Manuel Ortíz
|
0-0: Fly out, F5 (Popup, 56S, EV 83.8 MPH)
|
Batting: SHB Ralph Titus
|
0-0: Ball 1-0: Foul Ball, location: 2F 1-1: Foul Ball, location: 2F 1-2: Strikes out swinging
|
Batting: RHB Coy MacKey
|
0-0: Foul Ball, location: 2F 0-1: Swinging Strike 0-2: Strikes out looking
|
Bottom of the 2nd over - 0 runs, 0 hits, 0 errors, 0 left on base; Ottawa 1 - Toledo 0 |
TOP OF THE 3RD |
Ottawa Nationals batting - Pitching for Toledo Saboteurs : LHP David Graham
|
Batting: RHB Hulama Yani
|
0-0: Ball 1-0: Ground out 5-3 (Groundball, 5L, EV 83.8 MPH)
|
Batting: RHB Dave Curtis
|
0-0: Swinging Strike 0-1: Ball 1-1: Swinging Strike 1-2: Strikes out swinging
|
Batting: RHB Imbart Baars
|
0-0: Called Strike 0-1: Swinging Strike 0-2: Strikes out looking
|
Top of the 3rd over - 0 runs, 0 hits, 0 errors, 0 left on base; Ottawa 1 - Toledo 0 |
BOTTOM OF THE 3RD |
Toledo Saboteurs batting - Pitching for Ottawa Nationals : RHP Mark Wells
|
Batting: LHB Xie-li Shiu
|
0-0: Called Strike 0-1: Ball 1-1: Ball 2-1: Bunt missed! 2-2: Ball 3-2: SOLO HOME RUN (Flyball, 9D, EV 107.5 MPH), Distance : 374 ft
|
Batting: RHB Ron Ficco
|
0-0: Called Strike 0-1: Ball 1-1: Ball 2-1: Ball 3-1: Base on Balls
|
Batting: LHB Gwang-soo Deungjeong
|
0-0: Foul Ball, location: 2F 0-1: Swinging Strike 0-2: Ball 1-2: Ball 2-2: SINGLE (Line Drive, 78M, EV 97.5 MPH) Ron Ficco to second
|
Batting: LHB Doug Pollock
|
0-0: Ball 1-0: Called Strike 1-1: Swinging Strike 1-2: Strikes out swinging
|
Batting: RHB Niek Bendt
|
0-0: Called Strike 0-1: Grounds into double play, 6-4-3 (Groundball, 6, EV 84.4 MPH)
|
Bottom of the 3rd over - 1 run, 2 hits, 0 errors, 1 left on base; Ottawa 1 - Toledo 1 |
TOP OF THE 4TH |
Ottawa Nationals batting - Pitching for Toledo Saboteurs : LHP David Graham
|
Batting: RHB Boyd Tholen
|
0-0: Ball 1-0: Ball 2-0: Ball 3-0: Called Strike 3-1: Foul Ball, location: 2F 3-2: SINGLE (Groundball, 56D, EV 105.6 MPH)
|
Batting: LHB Knox Loposer
|
0-0: Fielders Choice at 2nd, 4-6 (Groundball, 4, EV 82.5 MPH)
|
Batting: RHB Spencer Wiggins
|
0-0: Called Strike 0-1: Ball 1-1: Swinging Strike 1-2: Foul Ball, location: 2F 1-2: Ball 2-2: Strikes out swinging
|
Batting: LHB Ewold de Regt
|
0-0: Foul Ball, location: 2F 0-1: Ball 1-1: SINGLE (Groundball, 56D, EV 97.5 MPH) Knox Loposer to second
|
Batting: RHB José Cintrón
|
0-0: Ball 1-0: Called Strike 1-1: Called Strike 1-2: Fielders Choice at 2nd, 5-4 (Groundball, 56, EV 82.5 MPH)
|
Top of the 4th over - 0 runs, 2 hits, 0 errors, 2 left on base; Ottawa 1 - Toledo 1 |
BOTTOM OF THE 4TH |
Toledo Saboteurs batting - Pitching for Ottawa Nationals : RHP Mark Wells
|
Batting: LHB Xavier Petit
|
0-0: Fly out, F4 (Popup, 4D, EV 55.6 MPH)
|
Batting: SHB Manuel Ortíz
|
0-0: Called Strike 0-1: Ball 1-1: Fly out, F7 (Line Drive, 7, EV 101.9 MPH)
|
Batting: SHB Ralph Titus
|
0-0: Fly out, F9 (Flyball, 9LSF, EV 90.6 MPH)
|
Bottom of the 4th over - 0 runs, 0 hits, 0 errors, 0 left on base; Ottawa 1 - Toledo 1 |
TOP OF THE 5TH |
Ottawa Nationals batting - Pitching for Toledo Saboteurs : LHP David Graham
|
Batting: RHB Nobuhiko Ohayashi
|
0-0: Ball 1-0: Fly out, F8 (Flyball, 8RD, EV 103.1 MPH)
|
Batting: RHB Hulama Yani
|
0-0: Called Strike 0-1: Ball 1-1: SINGLE (Groundball, 6MD, EV 96.2 MPH)
|
Batting: RHB Dave Curtis
|
0-0: Ball 1-0: Foul Ball, location: 2F 1-1: Foul Ball, location: 2F 1-2: Ball 2-2: Ball 3-2: Fielders Choice at 2nd, 1-6 (Groundball, 13, EV 83.8 MPH)
|
Batting: RHB Imbart Baars
|
0-0: Called Strike 0-1: Called Strike 0-2: Foul Ball, location: 2F 0-2: Ball 1-2: Fly out, F9 (Flyball, 9S, EV 80.0 MPH)
|
Top of the 5th over - 0 runs, 1 hit, 0 errors, 1 left on base; Ottawa 1 - Toledo 1 |
BOTTOM OF THE 5TH |
Toledo Saboteurs batting - Pitching for Ottawa Nationals : RHP Mark Wells
|
Batting: RHB Coy MacKey
|
0-0: Called Strike 0-1: Ground out 2-3 (Groundball, 2L, EV 73.1 MPH)
|
Batting: LHB Xie-li Shiu
|
0-0: Ball 1-0: Ball 2-0: Ball 3-0: Base on Balls
|
Batting: RHB Ron Ficco
|
0-0: Called Strike 0-1: Foul Ball, location: 2F 0-2: Ball 1-2: Ball 2-2: SINGLE (Groundball, 56, EV 83.1 MPH) (infield hit) Xie-li Shiu to second
|
Batting: LHB Gwang-soo Deungjeong
|
0-0: Ball 1-0: Ball 2-0: SINGLE (Line Drive, 6D, EV 102.5 MPH) Xie-li Shiu to third Ron Ficco to second Runner from 3rd tries for Home, throw by LF and OUT! 7-2
|
Batting: LHB Doug Pollock
|
0-0: Called Strike 0-1: Ball 1-1: Ball 2-1: Called Strike 2-2: Foul Ball, location: 2F 2-2: Ball 3-2: Foul Ball, location: 2F 3-2: Foul Ball, location: 2F 3-2: Base on Balls Ron Ficco to third Gwang-soo Deungjeong to second
|
Batting: RHB Niek Bendt
|
0-0: Called Strike 0-1: Ball 1-1: Foul Ball, location: 2F 1-2: Foul Ball, location: 2F 1-2: Foul Ball, location: 2F 1-2: Fly out, F7 (Flyball, 7S, EV 94.4 MPH)
|
Bottom of the 5th over - 0 runs, 2 hits, 0 errors, 3 left on base; Ottawa 1 - Toledo 1 |
TOP OF THE 6TH |
Ottawa Nationals batting - Pitching for Toledo Saboteurs : LHP David Graham
|
Batting: RHB Boyd Tholen
|
0-0: Ball 1-0: Foul Ball, location: 2F 1-1: Ball 2-1: Ball 3-1: Base on Balls
|
Pitching: RHP Guus Danen
|
|
Batting: LHB Knox Loposer
|
0-0: Sac Bunt to 23 - play at second, runner OUT! 3-6
|
Batting: RHB Spencer Wiggins
|
0-0: Called Strike 0-1: Swinging Strike 0-2: DOUBLE (Flyball, 78XD, EV 113.1 MPH) Knox Loposer to third
|
Batting: LHB Ewold de Regt
|
0-0: Intentional Walk
|
Batting: RHB José Cintrón
|
0-0: Ball 1-0: Ball 2-0: Grounds into fielders choice 1-2 (Groundball, 13S, EV 72.5 MPH) Spencer Wiggins to third Ewold de Regt to second
|
Batting: RHB Nobuhiko Ohayashi
|
0-0: Ball 1-0: Ball 2-0: Fly out, F9 (Flyball, 89S, EV 85.6 MPH)
|
Top of the 6th over - 0 runs, 1 hit, 0 errors, 3 left on base; Ottawa 1 - Toledo 1 |
BOTTOM OF THE 6TH |
Toledo Saboteurs batting - Pitching for Ottawa Nationals : RHP Mark Wells
|
Batting: LHB Xavier Petit
|
0-0: Called Strike 0-1: Fly out, F8 (Flyball, 8RD, EV 94.4 MPH)
|
Batting: SHB Manuel Ortíz
|
0-0: Called Strike 0-1: Fly out, F8 (Line Drive, 8LM, EV 91.2 MPH)
|
Batting: SHB Ralph Titus
|
0-0: Called Strike 0-1: Called Strike 0-2: Ball 1-2: Strikes out swinging
|
Bottom of the 6th over - 0 runs, 0 hits, 0 errors, 0 left on base; Ottawa 1 - Toledo 1 |
TOP OF THE 7TH |
Ottawa Nationals batting - Pitching for Toledo Saboteurs : RHP Guus Danen
|
Batting: RHB Hulama Yani
|
0-0: Swinging Strike 0-1: Ball 1-1: Ball 2-1: Swinging Strike 2-2: Strikes out swinging
|
Batting: RHB Dave Curtis
|
0-0: Ball 1-0: Ball 2-0: Called Strike 2-1: Ball 3-1: Called Strike 3-2: Foul Ball, location: 2F 3-2: Strikes out looking
|
Batting: RHB Imbart Baars
|
0-0: Ball 1-0: Ball 2-0: Called Strike 2-1: Foul Ball, location: 2F 2-2: Foul Ball, location: 2F 2-2: Strikes out swinging
|
Top of the 7th over - 0 runs, 0 hits, 0 errors, 0 left on base; Ottawa 1 - Toledo 1 |
BOTTOM OF THE 7TH |
Toledo Saboteurs batting - Pitching for Ottawa Nationals : RHP Mark Wells
|
Batting: RHB Coy MacKey
|
0-0: Called Strike 0-1: Ball 1-1: Ball 2-1: Ball 3-1: Base on Balls
|
Pitching: LHP Errol Young
|
|
Batting: LHB Xie-li Shiu
|
0-0: Bunted foul 0-1: Bunted foul 0-2: Ground out 5-3 (Groundball, 56S, EV 80.6 MPH) Coy MacKey to second
|
Batting: RHB Ron Ficco
|
0-0: Intentional Walk
|
Pinch Runner at 2nd Pedro Trevino:
|
|
Batting: LHB Gwang-soo Deungjeong
|
0-0: Ball Pedro Trevino steals 3rd base 1-0: Ball 2-0: Called Strike 2-1: Foul Ball, location: 2F 2-2: Fly out, F2 (Popup, 25F, EV 89.4 MPH)
|
Batting: LHB Doug Pollock
|
0-0: Foul Ball, location: 2F 0-1: Ball 1-1: Ball 2-1: Foul Ball, location: 2F 2-2: Ball 3-2: Foul Ball, location: 2F 3-2: Base on Balls Ron Ficco to second
|
Batting: RHB Niek Bendt
|
0-0: Ball 1-0: DOUBLE (Flyball, 8LXD, EV 92.5 MPH) Pedro Trevino scores Ron Ficco scores Doug Pollock to third Runner from 3rd tries for Home, SAFE, throw by CF to home
|
Batting: LHB Xavier Petit
|
0-0: Swinging Strike 0-1: Ball 1-1: Ball 2-1: Ball 3-1: Fly out, F9 (Flyball, 9, EV 84.4 MPH)
|
Bottom of the 7th over - 3 runs, 1 hit, 0 errors, 1 left on base; Ottawa 1 - Toledo 4 |
TOP OF THE 8TH |
Ottawa Nationals batting - Pitching for Toledo Saboteurs : RHP Guus Danen
|
Now at 1B: Steve Washington
|
|
Batting: RHB Boyd Tholen
|
0-0: Ball 1-0: Ball 2-0: Called Strike 2-1: Ground out 6-3 (Groundball, 6, EV 95.0 MPH)
|
Batting: LHB Knox Loposer
|
0-0: Ball 1-0: Ball 2-0: Foul Ball, location: 2F 2-1: Ground out 4-3 (Groundball, 4, EV 100.0 MPH)
|
Batting: RHB Spencer Wiggins
|
0-0: Called Strike 0-1: Ground out 4-3 (Groundball, 4MS, EV 86.9 MPH)
|
Top of the 8th over - 0 runs, 0 hits, 0 errors, 0 left on base; Ottawa 1 - Toledo 4 |
BOTTOM OF THE 8TH |
Toledo Saboteurs batting - Pitching for Ottawa Nationals : LHP Errol Young
|
Batting: SHB Manuel Ortíz
|
0-0: Called Strike 0-1: Ball 1-1: Ball 2-1: Foul Ball, location: 2F 2-2: Foul Ball, location: 2F 2-2: Strikes out swinging
|
Batting: SHB Ralph Titus
|
0-0: Ball 1-0: Fly out, F7 (Flyball, 7LSF, EV 86.9 MPH)
|
Batting: LHB Steve Washington
|
0-0: Ball 1-0: Ball 2-0: Called Strike 2-1: Foul Ball, location: 2F 2-2: Ground out 1-3 (Groundball, 15, EV 86.9 MPH)
|
Bottom of the 8th over - 0 runs, 0 hits, 0 errors, 0 left on base; Ottawa 1 - Toledo 4 |
TOP OF THE 9TH |
Ottawa Nationals batting - Pitching for Toledo Saboteurs : RHP Guus Danen
|
Pitching: RHP Jim Harris
|
|
Batting: LHB Ewold de Regt
|
0-0: Ball 1-0: Foul Ball, location: 2F 1-1: Fly out, F5 (Popup, 56S, EV 78.1 MPH)
|
Batting: RHB José Cintrón
|
0-0: Swinging Strike 0-1: Ball 1-1: SINGLE (Groundball, 4D, EV 108.1 MPH)
|
Batting: RHB Nobuhiko Ohayashi
|
0-0: Called Strike 0-1: Ball 1-1: Swinging Strike 1-2: Ball 2-2: Fielders Choice at 2nd, 6-4 (Groundball, 6, EV 102.5 MPH)
|
Batting: RHB Hulama Yani
|
0-0: Foul Ball, location: 2F 0-1: Fielders Choice at 2nd, 6-4 (Groundball, 6, EV 83.1 MPH)
|
Top of the 9th over - 0 runs, 1 hit, 0 errors, 1 left on base; Ottawa 1 - Toledo 4 |
|